 Dungeon Crawl Stone Soup version 0.28-a0-667-g162e43154e (webtiles) character file.

Game seed: 5281400170778933107

585 Gargoyl the Skirmisher (level 7, -5/60 HPs)
             Began as a Gnoll Abyssal Knight on Oct 17, 2021.
             Was a Follower of Lugonu.
             Slain by Robin (8 damage)
             ... on level 2 of the Dungeon.
             The game lasted 00:02:22 (974 turns).

Gargoyl the Skirmisher (Gnoll Abyssal Knight)        Turns: 974, Time: 00:02:23

Health: -5/60      AC:  3    Str: 12    XL:     7   Next: 37%
Magic:  11/11      EV: 12    Int: 10    God:    Lugonu [*.....]
Gold:   33         SH:  0    Dex: 12    Spells: 10/10 levels left

rFire   . . .      SeeInvis .   a - +1 hand axe
rCold   . . .      Faith    .   (no shield)
rNeg    . . .      Spirit   .   b - +0 leather armour
rPois   .          Reflect  .   (no helmet)
rElec   .          Harm     .   (no cloak)
rCorr   .          Rampage  .   (no gloves)
Will    .....      Rage     3%  (no boots)
Stlth   ++........              (no amulet)
HPRegen 0.20/turn               (no ring)
MPRegen 0.12/turn               (no ring)

@: lethally poisoned (-5 -> -25), on berserk cooldown, flying, slowed, unable to
read, very slow
A: fangs 1, strong nose, distributed training, [berserk 2], [weak 1], [subdued
magic 1], [inability to read while threatened]
a: Renounce Religion, Depart the Abyss


You were on level 2 of the Dungeon.
You worshipped Lugonu.
Lugonu was aware of your devotion.
You visited 1 branch of the dungeon, and saw 2 of its levels.
You visited the Abyss 1 time.

You collected 33 gold pieces.

Inventory:

Hand Weapons
 a - a +1 hand axe (weapon)
Missiles
 g - 19 poisoned darts (quivered)
Armour
 b - a +0 leather armour (worn)
Wands
 d - a wand of flame (11)


   Skills:
 + Level 7.0 Fighting
 + Level 2.4 Short Blades
 + Level 2.4 Long Blades
 + Level 5.2 Axes
 + Level 2.4 Maces & Flails
 + Level 2.4 Polearms
 + Level 2.4 Staves
 + Level 2.4 Slings
 + Level 2.4 Bows
 + Level 2.4 Crossbows
 + Level 2.4 Throwing
 + Level 5.2 Armour
 + Level 3.6 Dodging
 + Level 2.4 Stealth
 + Level 2.4 Shields
 + Level 2.4 Unarmed Combat
 + Level 2.4 Spellcasting
 + Level 2.0 Conjurations
 + Level 2.0 Hexes
 + Level 2.0 Summonings
 + Level 2.0 Necromancy
 + Level 2.0 Translocations
 + Level 2.0 Transmutations
 + Level 2.0 Fire Magic
 + Level 2.0 Ice Magic
 + Level 2.0 Air Magic
 + Level 2.0 Earth Magic
 + Level 2.0 Poison Magic
 + Level 5.3 Invocations
 + Level 2.4 Evocations


You had 10 spell levels left.
You didn't know any spells.
Your spell library was empty.

Dungeon Overview and Level Annotations

Branches:
Dungeon (2/15)

Altars:

Annotations:
D:2 Robin


Innate Abilities, Weirdness & Mutations

You have very sharp teeth.
Your uncanny sense of smell can sniff out nearby items.
Your experience applies equally to all skills.
[You often lose your temper in combat.]
[You are weak. (Str -2)]
[Your spells are a little easier to cast, but a little less powerful.]
[You sometimes lose the ability to read scrolls when taking damage.]


Message History

Unknown command.
You hit Robin. Your bite misses Robin.
Robin is lightly wounded.
You feel very sick.
An adder comes into view.
Robin hits you with a +4 trident of venom.
You are more poisoned.
Robin hits you with a +4 trident of venom.
You are lethally poisoned!
The adder moves out of view.
You hit Robin. You punch Robin, but do no damage.
Robin is lightly wounded.
You closely miss the adder.
* * * LOW HITPOINT WARNING * * *
You feel extremely sick. The adder closely misses you.
Robin closely misses you. The adder completely misses you.
It was a potion of flight.
You feel very buoyant.
You fly up into the air.
* * * LOW HITPOINT WARNING * * *
You feel very sick. The adder closely misses you. Robin closely misses you.
The adder bites you.
* * * LOW HITPOINT WARNING * * *
You are more poisoned.
The adder poisons you!
Robin hits you with a +4 trident of venom.
You feel threatened and lose the ability to read scrolls!
* * * LOW HITPOINT WARNING * * *
It was a potion of heal wounds.
You feel much better.
You feel extremely sick. The adder bites you.
Robin hits you with a +4 trident of venom!
* * * LOW HITPOINT WARNING * * *
You are more poisoned.
The adder bites you but does no damage.
* * * LOW HITPOINT WARNING * * *
You feel extremely sick.
Robin hits you from afar with a +4 trident of venom!
You die...

..#..S....#
.........#..#
#....g...#..#
#....g...#..# .....[ ∆
........#..# #......
#.......#..# +......
#...g...#..# ##......
#.##.S######..# #.......
#....g.@)))...# #.......
#####'######.####.......
#.. #....[.....<. #..
#.###.......# #..
#.##........# #..
#......)..^## #..
...##......# #..
...##......##
.#.##......#


You could see Robin and an adder.

Vanquished Creatures
  A dart slug (D:1)
  2 ball pythons (D:1)
  5 bats
  An endoplasm (D:1)
  A giant cockroach (D:1)
  13 goblins
  2 hobgoblins (D:2)
  6 kobolds
  A quokka (D:1)
  2 frilled lizards (D:1)
  5 rats (D:1)
39 creatures vanquished.

Vanquished Creatures (collateral kills)
  A wretched star (Abyss:2)
1 creature vanquished.

Grand Total: 40 creatures vanquished

Notes
Turn   | Place    | Note
-------+----------+-------------------------------------------
     0 | Abyss:1  | Gargoyl the Gnoll Abyssal Knight began the quest for the
                  | Orb.
     0 | Abyss:1  | Reached XP level 1. HP: 23/23 MP: 3/3
    50 | Abyss:2  | Noticed a wretched star
    51 | Abyss:2  | Noticed a large abomination
    60 | Abyss:2  | Killed a wretched star
    61 | Abyss:2  | Reached skill level 7 in Fighting
    61 | Abyss:2  | Reached skill level 5 in Axes
    61 | Abyss:2  | Reached skill level 5 in Armour
    61 | Abyss:2  | Reached skill level 1 in Conjurations
    61 | Abyss:2  | Reached skill level 1 in Hexes
    61 | Abyss:2  | Reached skill level 1 in Summonings
    61 | Abyss:2  | Reached skill level 1 in Necromancy
    61 | Abyss:2  | Reached skill level 1 in Translocations
    61 | Abyss:2  | Reached skill level 1 in Transmutations
    61 | Abyss:2  | Reached skill level 1 in Fire Magic
    61 | Abyss:2  | Reached skill level 1 in Ice Magic
    61 | Abyss:2  | Reached skill level 1 in Air Magic
    61 | Abyss:2  | Reached skill level 1 in Earth Magic
    61 | Abyss:2  | Reached skill level 1 in Poison Magic
    61 | Abyss:2  | Reached skill level 5 in Invocations
    61 | Abyss:2  | Reached XP level 2. HP: 31/31 MP: 3/5
    61 | Abyss:2  | Reached XP level 3. HP: 36/36 MP: 4/7
    61 | Abyss:2  | Reached XP level 4. HP: 43/43 MP: 4/8
    61 | Abyss:2  | Reached XP level 5. HP: 48/48 MP: 4/9
    61 | Abyss:2  | Reached XP level 6. HP: 55/55 MP: 4/10
    61 | Abyss:2  | Reached XP level 7. HP: 60/60 MP: 4/11
    61 | Abyss:2  | Noticed a small abomination
    65 | Abyss:2  | Noticed a starcursed mass
    65 | Abyss:2  | Noticed a starcursed mass
   135 | Abyss:2  | Noticed an apocalypse crab
   177 | Abyss:2  | Noticed a large abomination
   190 | Abyss:2  | Noticed a wretched star
   192 | D:1      | Escaped the Abyss
   381 | D:1      | Reached * piety under Lugonu
   921 | D:2      | Noticed Robin
   974 | D:2      | HP: 3/60 [poisoned by Robin]
   974 | D:2      | Slain by Robin

Illustrated notes

Levels and vault maps discovered:
D:1:      zelgadis_glass_arrival_small, layout_basic, serial_corexii_hall,
          chequers_hall_statues_y, chequers_hall_statues_y,
          hangedman_glass_teeth, amethyst_killhole, glass_columns_c
D:2:      layout_basic, chequers_ecumenical_altar_lobes, serial_bayou_crossing,
          uniq_terence, uniq_robin

Skill      XL: |  1  2  3  4  5  6  7 |
---------------+----------------------+-----
Fighting       | 7 |  7.0
Short Blades   | 2 |  2.4
Long Blades    | 2 |  2.4
Axes           | 5 |  5.2
Maces & Flails | 2 |  2.4
Polearms       | 2 |  2.4
Staves         | 2 |  2.4
Slings         | 2 |  2.4
Bows           | 2 |  2.4
Crossbows      | 2 |  2.4
Throwing       | 2 |  2.4
Armour         | 5 |  5.2
Dodging        | 3 |  3.6
Stealth        | 2 |  2.4
Shields        | 2 |  2.4
Unarmed Combat | 2 |  2.4
Spellcasting   | 2 |  2.4
Conjurations   | 1 2 |  2.0
Hexes          | 1 2 |  2.0
Summonings     | 1 2 |  2.0
Necromancy     | 1 2 |  2.0
Translocations | 1 2 |  2.0
Transmutations | 1 2 |  2.0
Fire Magic     | 1 2 |  2.0
Ice Magic      | 1 2 |  2.0
Air Magic      | 1 2 |  2.0
Earth Magic    | 1 2 |  2.0
Poison Magic   | 1 2 |  2.0
Invocations    | 5 |  5.3
Evocations     | 2 |  2.4

Action                   |  1- 3 |  4- 6 |  7- 9 || total
-------------------------+-------+-------+-------++-------
Melee: Hand axe          |       |       |    87 ||    87
       Bite              |       |       |     5 ||     5
       Punch             |       |       |     2 ||     2
Invok: Depart the Abyss  |       |       |     1 ||     1
  Use: Scroll            |     1 |       |     1 ||     2
       Potion            |       |       |     3 ||     3
 Stab: Sleeping          |       |       |     4 ||     4
Armor: Leather armour    |       |       |    30 ||    30
Dodge: Dodged            |       |       |    64 ||    64

Table legend: (Time is in decaauts)
 A = Elapsed time spent in this place.
 B = Non-inter-level travel time spent in this place.
 C = Inter-level travel time spent in this place.
 D = Time resting spent in this place.
 E = Time spent auto-exploring this place.
 F = Levels seen in this place.
 G = Mean time per level.
                   A        B        C        D        E       F      G
               +--------+--------+--------+--------+--------+-----+--------+
         Total |    996 |    986 |     10 |      0 |    585 |   4 |  249.0 |
       Dungeon |    805 |    795 |     10 |      0 |    497 |   2 |  402.5 |
         Abyss |    191 |    191 |      0 |      0 |     88 |   2 |   95.5 |
               +--------+--------+--------+--------+--------+-----+--------+

Top non-repeatable levels by time:
     D:1: 728 daAuts
 Abyss:2: 182 daAuts
     D:2: 76 daAuts
 Abyss:1: 9 daAuts
